Avalanche vs Predators

Created - October 9 2009 at 18:26

Simulating a Pre-Season

Goals
1 2 3 T
Avalanche 0 2 1 3
Predators 1 1 0 2
Shots
1 2 3 T
Avalanche 11 7 5 23
Predators 11 8 4 23

Period #1

1. Predators , David Legwand 1 (Zbynek Michalek, Derek Morris) at 7:16

Penalties :
Kyle Quincey (COL) for Hooking (Minor) at 1:01, Scott Hartnell (NSH) for Hooking (Minor) at 1:15, Jeff Finger (COL) for Tripping (Minor) at 2:41, Kyle Quincey (COL) for Tripping (Minor) at 4:52, Scott Hartnell (NSH) for Roughing (Double Minor) at 9:03

Period #2

2. Avalanche , Kyle Quincey 1 (Drew Stafford, Joe Sakic) at 3:03 (PP)
3. Predators , Scott Hartnell 2 (Steven Stamkos, Nicklas Backstrom) at 6:48 (PP)
4. Avalanche , Petr Sykora 2 (Owen Nolan, Jordan Staal) at 16:03

Penalties :
Steven Stamkos (NSH) for Hooking (Minor) at 1:52, Jeff Finger (COL) for Hooking (Minor) at 5:29, T.J. Oshie (COL) for Tripping (Minor) at 12:13

Period #3

5. Avalanche , Joe Corvo 3 (Daniel Alfredsson, Daniel Briere) at 14:01 (PP)

Penalties :
Vernon Fiddler (NSH) for Hooking (Minor) at 7:20, Curtis Glencross (COL) for Tripping (Minor) at 10:25, Patrik Elias (NSH) for High sticking (Double Minor) at 10:38, Jeff Finger (COL) for Slashing (Minor) at 11:06, Jordan Staal (COL) for Interference (Minor) at 15:18, Jeff Finger (COL) for Roughing (Minor) at 15:23, Patric Hornqvist (NSH) for Holding (Minor) at 19:58

Goalie Stats

Steve Mason (COL), 21 saves from 23 shots - (0.913), W, 2-2-1, 60:00 minutes
Antero Niittymaki (NSH), 20 saves from 23 shots - (0.870), L, 0-1-0, 59:10 minutes

Players Stats

Avalanche
Player Name              G  A  P  +/- PIM S  H  SB FO    MP 
------------------------------------------------------------
Brian Lee                0  0  0  -1  0   0  1  0  0/0   13 
Chris Drury              0  0  0   0  0   2  0  0  7/12  18 
Curtis Glencross         0  0  0   0  2   2  2  0  2/2   13 
Daniel Alfredsson        0  1  1   0  0   3  0  0  4/14  16 
Daniel Briere            0  1  1   0  0   3  0  0  1/1   15 
Drew Stafford            0  1  1  -1  0   0  0  0  0/2   12 
Jeff Finger              0  0  0   1  8   1  2  1  0/0   19 
Joe Corvo                1  0  1   0  0   3  0  3  0/0   24 
Joe Sakic                0  1  1  -1  0   2  0  0  4/11  14 
Jordan Staal             0  1  1   1  2   0  2  1  14/24 21 
Kyle Quincey             1  0  1  -1  4   1  1  0  0/0   17 
Matt Stajan              0  0  0   0  0   0  2  0  3/10  10 
Owen Nolan               0  1  1   1  0   2  0  0  0/0   14 
Petr Sykora              1  0  1   1  0   2  0  0  1/2   15 
Steve Staios             0  0  0   1  0   1  2  0  0/0   20 
T.J. Oshie               0  0  0  -1  2   0  1  0  0/1   12 
Tim Gleason              0  0  0   0  0   1  9  0  0/0   22 
Wojtek Wolski            0  0  0   0  0   0  0  0  0/0   10 
Predators
Player Name              G  A  P  +/- PIM S  H  SB FO    MP 
------------------------------------------------------------
Alex Burrows             0  0  0   0  0   1  1  0  0/1   20 
Braydon Coburn           0  0  0   0  0   1  2  0  0/0   18 
Carlo Colaiacovo         0  0  0   0  0   0  0  0  0/0   21 
David Legwand            1  0  1   1  0   1  0  0  1/1   13 
Derek Morris             0  1  1   1  0   0  1  0  0/0   12 
Jeff Carter              0  0  0   0  0   4  1  0  13/27 19 
Nicklas Backstrom        0  1  1   0  0   1  0  0  10/18 18 
Patric Hornqvist         0  0  0  -1  2   0  0  1  0/0   11 
Patrik Elias             0  0  0   0  4   3  0  0  2/3   14 
Ryan Suter               0  0  0  -1  0   2  0  1  0/0   24 
Scott Hartnell           1  0  1   0  6   1  3  0  2/3   18 
Shea Weber               0  0  0  -1  0   1  0  1  0/0   23 
Simon Gagne              0  0  0   0  0   3  0  0  2/4   15 
Steven Stamkos           0  1  1   0  2   3  4  0  7/11  17 
Vernon Fiddler           0  0  0   0  2   1  1  0  6/11  10 
Viktor Kozlov            0  0  0  -1  0   1  0  0  0/0   7  
Viktor Tikhonov          0  0  0   1  0   0  1  0  0/0   12 
Zbynek Michalek          0  1  1   1  0   0  0  0  0/0   15 

3 Stars

1 - Petr Sykora (COL)
2 - David Legwand (NSH)
3 - Joe Corvo (COL)

Power Play

Avalanche - 2 on 6 Attempt(s) - 33.33%
Predators - 1 on 9 Attempt(s) - 11.11%

Penalty Kill

Avalanche - 8 on 9 Attempt(s) - 88.89% - Score 0 goal in Penalty Kill
Predators - 4 on 6 Attempt(s) - 66.67% - Score 0 goal in Penalty Kill

Game Notes

No Game Note

Play by Play

Period #1

0:01 of 1st period - Jeff Carter wins face-off versus Chris Drury in neutral zone.
0:18 of 1st period - Shot by Daniel Briere.
0:18 of 1st period - Shot Misses the Net.
0:28 of 1st period - Shot by Jeff Carter.
0:28 of 1st period - Shot Misses the Net.
0:32 of 1st period - Shot by Jeff Carter.
0:32 of 1st period - Stopped by Steve Mason without a rebound.
0:33 of 1st period - Nicklas Backstrom wins face-off versus Jordan Staal in Avalanche zone.
0:33 of 1st period - Nicklas Backstrom is hit by Steve Staios.
0:43 of 1st period - Shot by Owen Nolan.
0:43 of 1st period - Stopped by Antero Niittymaki without a rebound.
0:44 of 1st period - Steven Stamkos wins face-off versus Joe Sakic in Predators zone.
0:46 of 1st period - Icing by Derek Morris.
0:47 of 1st period - Steven Stamkos wins face-off versus Drew Stafford in Predators zone.
1:00 of 1st period - Icing by Joe Sakic.
1:01 of 1st period - Nicklas Backstrom wins face-off versus Joe Sakic in Avalanche zone.
1:01 of 1st period - Minor Penalty to Kyle Quincey for Hooking.
1:02 of 1st period - Jeff Carter wins face-off versus Chris Drury in Avalanche zone.
1:03 of 1st period - Shot by Patrik Elias.
1:03 of 1st period - Stopped by Steve Mason with a rebound.
1:05 of 1st period - Shot by Shea Weber.
1:05 of 1st period - Shot Hit the Post.
1:07 of 1st period - Shot by Jeff Carter.
1:07 of 1st period - Stopped by Steve Mason without a rebound.
1:08 of 1st period - Jordan Staal wins face-off versus Nicklas Backstrom in Avalanche zone.
1:08 of 1st period - Jordan Staal is hit by Scott Hartnell.
1:15 of 1st period - Minor Penalty to Scott Hartnell for Hooking.
1:16 of 1st period - Daniel Alfredsson wins face-off versus Patrik Elias in Predators zone.
1:29 of 1st period - Shot by Daniel Alfredsson.
1:29 of 1st period - Stopped by Antero Niittymaki without a rebound.
1:30 of 1st period - Jordan Staal wins face-off versus Simon Gagne in Predators zone.
1:37 of 1st period - Shot by Daniel Briere.
1:37 of 1st period - Stopped by Antero Niittymaki with a rebound.
1:39 of 1st period - Shot by Steve Staios.
1:39 of 1st period - Stopped by Antero Niittymaki without a rebound.
1:40 of 1st period - Patrik Elias wins face-off versus Daniel Alfredsson in Predators zone.
2:09 of 1st period - Shot by Shea Weber.
2:09 of 1st period - Shot Misses the Net.
2:23 of 1st period - Shot by Daniel Alfredsson.
2:23 of 1st period - Stopped by Antero Niittymaki without a rebound.
2:24 of 1st period - Simon Gagne wins face-off versus Jordan Staal in Predators zone.
2:41 of 1st period - Minor Penalty to Jeff Finger for Tripping.
2:42 of 1st period - Simon Gagne wins face-off versus Chris Drury in Avalanche zone.
2:57 of 1st period - Shot by Nicklas Backstrom.
2:57 of 1st period - Shot Misses the Net.
2:59 of 1st period - Shot by Steven Stamkos.
2:59 of 1st period - Shot Misses the Net.
3:01 of 1st period - Shot by Simon Gagne.
3:01 of 1st period - Stopped by Steve Mason without a rebound.
3:02 of 1st period - Patrik Elias wins face-off versus Jordan Staal in Avalanche zone.
3:05 of 1st period - Shot by Patrik Elias.
3:05 of 1st period - Shot Misses the Net.
4:07 of 1st period - Shot by Patrik Elias.
4:07 of 1st period - Shot Blocked by Jordan Staal.
4:21 of 1st period - Shot by Jeff Carter.
4:21 of 1st period - Stopped by Steve Mason with a rebound.
4:34 of 1st period - Icing by Nicklas Backstrom.
4:35 of 1st period - Nicklas Backstrom wins face-off versus Daniel Alfredsson in Predators zone.
4:45 of 1st period - Shot by Steven Stamkos.
4:45 of 1st period - Shot Hit the Post.
4:47 of 1st period - Shot by Derek Morris.
4:47 of 1st period - Shot Misses the Net.
4:52 of 1st period - Minor Penalty to Kyle Quincey for Tripping.
4:53 of 1st period - Jeff Carter wins face-off versus Daniel Alfredsson in Avalanche zone.
5:04 of 1st period - Shot by Patrik Elias.
5:04 of 1st period - Stopped by Steve Mason without a rebound.
5:05 of 1st period - Scott Hartnell wins face-off versus Jordan Staal in Avalanche zone.
5:14 of 1st period - Shot by Alex Burrows.
5:14 of 1st period - Shot Blocked by Jeff Finger.
5:16 of 1st period - Shot by Alex Burrows.
5:16 of 1st period - Stopped by Steve Mason without a rebound.
5:17 of 1st period - Jeff Carter wins face-off versus Daniel Alfredsson in Avalanche zone.
5:22 of 1st period - Shot by Patrik Elias.
5:22 of 1st period - Shot Misses the Net.
5:38 of 1st period - Shot by Patrik Elias.
5:38 of 1st period - Shot Misses the Net.
5:40 of 1st period - Shot by Patrik Elias.
5:40 of 1st period - Shot Misses the Net.
5:44 of 1st period - Shot by Simon Gagne.
5:44 of 1st period - Stopped by Steve Mason with a rebound.
7:16 of 1st period - Shot by David Legwand.
7:16 of 1st period - Goal by David Legwand - Avalanche : 0 - Predators : 1.
7:17 of 1st period - Matt Stajan wins face-off versus Vernon Fiddler in neutral zone.
8:26 of 1st period - Off-side.
8:27 of 1st period - Nicklas Backstrom wins face-off versus Joe Sakic in neutral zone.
8:45 of 1st period - Shot by Joe Sakic.
8:45 of 1st period - Stopped by Antero Niittymaki with a rebound.
9:03 of 1st period - Double Minor Penalty to Scott Hartnell for Roughing.
9:04 of 1st period - Jordan Staal wins face-off versus Jeff Carter in Predators zone.
9:28 of 1st period - Shot by Owen Nolan.
9:28 of 1st period - Stopped by Antero Niittymaki without a rebound.
9:29 of 1st period - Chris Drury wins face-off versus Jeff Carter in Predators zone.
10:13 of 1st period - Icing by Petr Sykora.
10:14 of 1st period - Vernon Fiddler wins face-off versus Petr Sykora in Avalanche zone.
11:38 of 1st period - Shot by Jeff Finger.
11:38 of 1st period - Stopped by Antero Niittymaki without a rebound.
11:39 of 1st period - Vernon Fiddler wins face-off versus Daniel Alfredsson in Predators zone.
11:53 of 1st period - Shot by Chris Drury.
11:53 of 1st period - Stopped by Antero Niittymaki with a rebound.
11:55 of 1st period - Shot by Daniel Alfredsson.
11:55 of 1st period - Stopped by Antero Niittymaki with a rebound.
11:57 of 1st period - Shot by Tim Gleason.
11:57 of 1st period - Stopped by Antero Niittymaki without a rebound.
11:58 of 1st period - Jordan Staal wins face-off versus Vernon Fiddler in Predators zone.
12:28 of 1st period - Icing by Owen Nolan.
12:29 of 1st period - Jordan Staal wins face-off versus Jeff Carter in Avalanche zone.
13:00 of 1st period - Patrik Elias is hit by Tim Gleason.
13:24 of 1st period - Shot by Steven Stamkos.
13:24 of 1st period - Stopped by Steve Mason without a rebound.
13:25 of 1st period - Matt Stajan wins face-off versus Nicklas Backstrom in Avalanche zone.
13:35 of 1st period - Icing by Carlo Colaiacovo.
13:36 of 1st period - Nicklas Backstrom wins face-off versus Joe Sakic in Predators zone.
13:46 of 1st period - Nicklas Backstrom is hit by Brian Lee and loses puck.
14:18 of 1st period - Steven Stamkos is hit by Tim Gleason and loses puck.
14:22 of 1st period - Icing by Joe Corvo.
14:23 of 1st period - Vernon Fiddler wins face-off versus Matt Stajan in Avalanche zone.
15:03 of 1st period - Viktor Kozlov is hit by Tim Gleason and loses puck.
15:13 of 1st period - Wojtek Wolski is hit by Steven Stamkos and loses puck.
15:32 of 1st period - Shot by Steven Stamkos.
15:32 of 1st period - Stopped by Steve Mason without a rebound.
15:33 of 1st period - Petr Sykora wins face-off versus Nicklas Backstrom in Avalanche zone.
15:51 of 1st period - Shot by Alex Burrows.
15:51 of 1st period - Deflect By Nicklas Backstrom.
15:51 of 1st period - Shot Misses the Net.
17:15 of 1st period - Icing by Daniel Alfredsson.
17:16 of 1st period - Chris Drury wins face-off versus Jeff Carter in Avalanche zone.
18:13 of 1st period - Owen Nolan is hit by Viktor Tikhonov and loses puck.
18:31 of 1st period - Icing by Steve Staios.
18:32 of 1st period - Vernon Fiddler wins face-off versus Jordan Staal in Avalanche zone.
19:05 of 1st period - Brian Lee is hit by Vernon Fiddler and loses puck.
19:37 of 1st period - Derek Morris is hit by Jeff Finger.
19:39 of 1st period - Shot by Steven Stamkos.
19:39 of 1st period - Shot Misses the Net.
19:48 of 1st period - Icing by Zbynek Michalek.
19:49 of 1st period - Steven Stamkos wins face-off versus Matt Stajan in Predators zone.

Period #2

0:01 of 2nd period - Chris Drury wins face-off versus Jeff Carter in neutral zone.
0:20 of 2nd period - Shot by Chris Drury.
0:20 of 2nd period - Stopped by Antero Niittymaki with a rebound.
0:45 of 2nd period - Patrik Elias is hit by Tim Gleason and loses puck.
1:04 of 2nd period - Alex Burrows is hit by Tim Gleason and loses puck.
1:38 of 2nd period - Petr Sykora is hit by Braydon Coburn and loses puck.
1:52 of 2nd period - Minor Penalty to Steven Stamkos for Hooking.
1:53 of 2nd period - Jordan Staal wins face-off versus Jeff Carter in Predators zone.
2:48 of 2nd period - Shot by Joe Corvo.
2:48 of 2nd period - Stopped by Antero Niittymaki without a rebound.
2:49 of 2nd period - Jeff Carter wins face-off versus Joe Sakic in Predators zone.
2:49 of 2nd period - Jeff Carter is hit by Curtis Glencross.
3:03 of 2nd period - Shot by Kyle Quincey.
3:03 of 2nd period - Goal by Kyle Quincey - Avalanche : 1 - Predators : 1.
3:04 of 2nd period - Steven Stamkos wins face-off versus T.J. Oshie in neutral zone.
3:27 of 2nd period - Joe Sakic is hit by Derek Morris and loses puck.
3:33 of 2nd period - Icing by Zbynek Michalek.
3:34 of 2nd period - Matt Stajan wins face-off versus Steven Stamkos in Predators zone.
4:25 of 2nd period - Shea Weber is hit by Matt Stajan and loses puck.
4:49 of 2nd period - Icing by Steve Staios.
4:50 of 2nd period - Jordan Staal wins face-off versus Nicklas Backstrom in Avalanche zone.
5:29 of 2nd period - Minor Penalty to Jeff Finger for Hooking.
5:30 of 2nd period - Daniel Alfredsson wins face-off versus Jeff Carter in Avalanche zone.
5:45 of 2nd period - Shot by Patrik Elias.
5:45 of 2nd period - Shot Misses the Net.
5:53 of 2nd period - Shot by Jeff Carter.
5:53 of 2nd period - Shot Misses the Net.
5:58 of 2nd period - Patrik Elias is hit by Kyle Quincey.
6:05 of 2nd period - Icing by Simon Gagne.
6:06 of 2nd period - Jeff Carter wins face-off versus Jordan Staal in Predators zone.
6:48 of 2nd period - Shot by Scott Hartnell.
6:48 of 2nd period - Goal by Scott Hartnell - Avalanche : 1 - Predators : 2.
6:49 of 2nd period - Joe Sakic wins face-off versus Steven Stamkos in neutral zone.
7:08 of 2nd period - Shot by Steven Stamkos.
7:08 of 2nd period - Shot Misses the Net.
8:57 of 2nd period - Icing by Tim Gleason.
8:58 of 2nd period - Jeff Carter wins face-off versus Matt Stajan in Avalanche zone.
8:59 of 2nd period - Shot by Patrik Elias.
8:59 of 2nd period - Shot Blocked by Joe Corvo.
9:07 of 2nd period - Jeff Carter is hit by Curtis Glencross and loses puck.
9:46 of 2nd period - Shot by Joe Sakic.
9:46 of 2nd period - Shot Misses the Net.
10:25 of 2nd period - Shot by Nicklas Backstrom.
10:25 of 2nd period - Deflect By Alex Burrows.
10:25 of 2nd period - Shot Misses the Net.
10:42 of 2nd period - Icing by Tim Gleason.
10:43 of 2nd period - Chris Drury wins face-off versus Steven Stamkos in Avalanche zone.
10:52 of 2nd period - Shot by Daniel Briere.
10:52 of 2nd period - Shot Misses the Net.
10:54 of 2nd period - Shot by Joe Corvo.
10:54 of 2nd period - Stopped by Antero Niittymaki without a rebound.
10:55 of 2nd period - Steven Stamkos wins face-off versus Jordan Staal in Predators zone.
11:09 of 2nd period - Steven Stamkos is hit by Steve Staios and loses puck.
11:16 of 2nd period - Shot by Steven Stamkos.
11:16 of 2nd period - Stopped by Steve Mason without a rebound.
11:17 of 2nd period - Curtis Glencross wins face-off versus Vernon Fiddler in Avalanche zone.
11:19 of 2nd period - Icing by Wojtek Wolski.
11:20 of 2nd period - Nicklas Backstrom wins face-off versus Matt Stajan in Avalanche zone.
11:22 of 2nd period - Alex Burrows is hit by Tim Gleason.
11:27 of 2nd period - Icing by Tim Gleason.
11:28 of 2nd period - Vernon Fiddler wins face-off versus Matt Stajan in Avalanche zone.
11:37 of 2nd period - Shot by Viktor Kozlov.
11:37 of 2nd period - Stopped by Steve Mason without a rebound.
11:38 of 2nd period - Jordan Staal wins face-off versus Nicklas Backstrom in Avalanche zone.
11:51 of 2nd period - Shot by Owen Nolan.
11:51 of 2nd period - Shot Misses the Net.
12:01 of 2nd period - Nicklas Backstrom is hit by Jordan Staal.
12:12 of 2nd period - Icing by Carlo Colaiacovo.
12:13 of 2nd period - Nicklas Backstrom wins face-off versus Joe Sakic in Predators zone.
12:13 of 2nd period - Minor Penalty to T.J. Oshie for Tripping.
12:14 of 2nd period - Jeff Carter wins face-off versus Daniel Alfredsson in Avalanche zone.
12:23 of 2nd period - Shot by Patrik Elias.
12:23 of 2nd period - Shot Misses the Net.
12:25 of 2nd period - Shot by Shea Weber.
12:25 of 2nd period - Stopped by Steve Mason without a rebound.
12:26 of 2nd period - Jordan Staal wins face-off versus Nicklas Backstrom in Avalanche zone.
12:47 of 2nd period - Shot by Ryan Suter.
12:47 of 2nd period - Stopped by Steve Mason with a rebound.
12:49 of 2nd period - Shot by Ryan Suter.
12:49 of 2nd period - Stopped by Steve Mason without a rebound.
12:50 of 2nd period - Jordan Staal wins face-off versus Jeff Carter in Avalanche zone.
12:50 of 2nd period - Jordan Staal is hit by Jeff Carter.
14:36 of 2nd period - Icing by Kyle Quincey.
14:37 of 2nd period - Joe Sakic wins face-off versus Vernon Fiddler in Avalanche zone.
14:42 of 2nd period - Shot by T.J. Oshie.
14:42 of 2nd period - Shot Blocked by Patric Hornqvist.
14:44 of 2nd period - Shot by Brian Lee.
14:44 of 2nd period - Shot Misses the Net.
14:54 of 2nd period - Shot by Joe Sakic.
14:54 of 2nd period - Shot Hit the Post.
15:32 of 2nd period - Shot by Joe Corvo.
15:32 of 2nd period - Shot Blocked by Shea Weber.
15:34 of 2nd period - Shot by Matt Stajan.
15:34 of 2nd period - Shot Blocked by Ryan Suter.
15:57 of 2nd period - Icing by Ryan Suter.
15:58 of 2nd period - Jordan Staal wins face-off versus Vernon Fiddler in Predators zone.
16:03 of 2nd period - Shot by Petr Sykora.
16:03 of 2nd period - Goal by Petr Sykora - Avalanche : 2 - Predators : 2.
16:04 of 2nd period - Joe Sakic wins face-off versus Nicklas Backstrom in neutral zone.
16:13 of 2nd period - Shot by Braydon Coburn.
16:13 of 2nd period - Stopped by Steve Mason without a rebound.
16:14 of 2nd period - Steven Stamkos wins face-off versus Jordan Staal in Avalanche zone.
16:15 of 2nd period - Shot by Zbynek Michalek.
16:15 of 2nd period - Shot Misses the Net.
17:25 of 2nd period - Icing by T.J. Oshie.
17:26 of 2nd period - Nicklas Backstrom wins face-off versus Joe Sakic in Avalanche zone.
17:45 of 2nd period - Alex Burrows is hit by T.J. Oshie and loses puck.
18:03 of 2nd period - Shot by Daniel Briere.
18:03 of 2nd period - Stopped by Antero Niittymaki without a rebound.
18:04 of 2nd period - Curtis Glencross wins face-off versus Jeff Carter in Predators zone.
19:08 of 2nd period - Shot by Nicklas Backstrom.
19:08 of 2nd period - Stopped by Steve Mason without a rebound.
19:09 of 2nd period - Jordan Staal wins face-off versus Steven Stamkos in Avalanche zone.
19:09 of 2nd period - Jordan Staal is hit by Steven Stamkos.
19:25 of 2nd period - Shot by Petr Sykora.
19:25 of 2nd period - Shot Misses the Net.
19:47 of 2nd period - Shot by Petr Sykora.
19:47 of 2nd period - Stopped by Antero Niittymaki with a rebound.

Period #3

0:01 of 3rd period - Daniel Alfredsson wins face-off versus Jeff Carter in neutral zone.
0:42 of 3rd period - Icing by Tim Gleason.
0:43 of 3rd period - Daniel Alfredsson wins face-off versus Nicklas Backstrom in Avalanche zone.
1:06 of 3rd period - Carlo Colaiacovo is hit by Tim Gleason and loses puck.
1:12 of 3rd period - Daniel Briere is hit by Alex Burrows and loses puck.
1:25 of 3rd period - Chris Drury is hit by Scott Hartnell and loses puck.
1:50 of 3rd period - Zbynek Michalek is hit by Jordan Staal and loses puck.
3:39 of 3rd period - Patrik Elias is hit by Jeff Finger.
3:49 of 3rd period - Shot by Jeff Carter.
3:49 of 3rd period - Stopped by Steve Mason with a rebound.
3:51 of 3rd period - Shot by Simon Gagne.
3:51 of 3rd period - Stopped by Steve Mason without a rebound.
3:52 of 3rd period - Joe Sakic wins face-off versus Alex Burrows in Avalanche zone.
3:52 of 3rd period - T.J. Oshie is hit by Scott Hartnell and loses puck.
4:06 of 3rd period - Joe Sakic is hit by Braydon Coburn and loses puck.
5:07 of 3rd period - Shot by Viktor Kozlov.
5:07 of 3rd period - Deflect By Vernon Fiddler.
5:07 of 3rd period - Stopped by Steve Mason without a rebound.
5:08 of 3rd period - Jeff Carter wins face-off versus Chris Drury in Avalanche zone.
5:08 of 3rd period - Patrik Elias is hit by Tim Gleason and loses puck.
5:11 of 3rd period - Shot by Patrik Elias.
5:11 of 3rd period - Stopped by Steve Mason with a rebound.
5:15 of 3rd period - Shot by Patrik Elias.
5:15 of 3rd period - Shot Blocked by Joe Corvo.
5:19 of 3rd period - Shot by Patrik Elias.
5:19 of 3rd period - Shot Blocked by Joe Corvo.
5:54 of 3rd period - Icing by Shea Weber.
5:55 of 3rd period - Jeff Carter wins face-off versus Jordan Staal in Predators zone.
7:11 of 3rd period - Shot by Wojtek Wolski.
7:11 of 3rd period - Deflect By Curtis Glencross.
7:11 of 3rd period - Stopped by Antero Niittymaki without a rebound.
7:12 of 3rd period - Vernon Fiddler wins face-off versus Chris Drury in Predators zone.
7:20 of 3rd period - Minor Penalty to Vernon Fiddler for Hooking.
7:21 of 3rd period - Jeff Carter wins face-off versus Jordan Staal in Predators zone.
8:39 of 3rd period - Shot by Daniel Briere.
8:39 of 3rd period - Stopped by Antero Niittymaki without a rebound.
8:40 of 3rd period - Jordan Staal wins face-off versus Jeff Carter in Predators zone.
10:12 of 3rd period - Shot by Shea Weber.
10:12 of 3rd period - Shot Misses the Net.
10:16 of 3rd period - Shot by Vernon Fiddler.
10:16 of 3rd period - Shot Misses the Net.
10:25 of 3rd period - Minor Penalty to Curtis Glencross for Tripping.
10:26 of 3rd period - Jeff Carter wins face-off versus Daniel Alfredsson in Avalanche zone.
10:38 of 3rd period - Double Minor Penalty to Patrik Elias for High sticking.
10:39 of 3rd period - Jordan Staal wins face-off versus Simon Gagne in Predators zone.
10:41 of 3rd period - Daniel Briere is hit by Steven Stamkos.
11:06 of 3rd period - Minor Penalty to Jeff Finger for Slashing.
11:07 of 3rd period - Scott Hartnell wins face-off versus Daniel Alfredsson in Avalanche zone.
12:28 of 3rd period - Icing by Jordan Staal.
12:29 of 3rd period - Daniel Briere wins face-off versus Scott Hartnell in Avalanche zone.
12:48 of 3rd period - Shot by Curtis Glencross.
12:48 of 3rd period - Stopped by Antero Niittymaki without a rebound.
12:49 of 3rd period - David Legwand wins face-off versus Daniel Alfredsson in Predators zone.
13:59 of 3rd period - Shot by Daniel Alfredsson.
13:59 of 3rd period - Shot Misses the Net.
14:01 of 3rd period - Shot by Joe Corvo.
14:01 of 3rd period - Goal by Joe Corvo - Avalanche : 3 - Predators : 2.
14:02 of 3rd period - Steven Stamkos wins face-off versus Drew Stafford in neutral zone.
14:31 of 3rd period - Shot by Drew Stafford.
14:31 of 3rd period - Shot Misses the Net.
14:33 of 3rd period - Shot by Joe Sakic.
14:33 of 3rd period - Stopped by Antero Niittymaki without a rebound.
14:34 of 3rd period - Nicklas Backstrom wins face-off versus Matt Stajan in Predators zone.
15:17 of 3rd period - Shot by Jordan Staal.
15:17 of 3rd period - Shot Misses the Net.
15:18 of 3rd period - Minor Penalty to Jordan Staal for Interference.
15:19 of 3rd period - Jeff Carter wins face-off versus Daniel Alfredsson in Avalanche zone.
15:23 of 3rd period - Minor Penalty to Jeff Finger for Roughing.
15:24 of 3rd period - Chris Drury wins face-off versus Jeff Carter in Avalanche zone.
16:53 of 3rd period - Off-side.
16:54 of 3rd period - Chris Drury wins face-off versus Jeff Carter in neutral zone.
17:19 of 3rd period - Shot by Simon Gagne.
17:19 of 3rd period - Shot Hit the Post.
17:49 of 3rd period - T.J. Oshie is hit by Steven Stamkos and loses puck.
18:25 of 3rd period - Icing by Alex Burrows.
18:26 of 3rd period - Nicklas Backstrom wins face-off versus Matt Stajan in Predators zone.
18:28 of 3rd period - Braydon Coburn is hit by Matt Stajan and loses puck.
18:46 of 3rd period - Nicklas Backstrom is hit by Tim Gleason and loses puck.
19:09 of 3rd period - Predators, Antero Niittymaki is pulled from the net.
19:58 of 3rd period - Minor Penalty to Patric Hornqvist for Holding.
19:59 of 3rd period - Antero Niittymaki from Predators was sent back in the game.
19:59 of 3rd period - Chris Drury wins face-off versus Jeff Carter in Predators zone.


Output by the SimonT Hockey Simulator (STHS) for Stephane Roy -- Original Page W3C XHTML 1.0 Valid